 Dungeon Crawl Stone Soup version 0.18-a0-1639-g7533f42 (webtiles) character file.

395699 Ratboiler the Intangible (level 22, -3/133 HPs)
             Began as a Spriggan Wanderer on Mar 26, 2016.
             Was an Initiate of Gozag.
             Slain by a deep troll (27 damage)
             ... led by an ironheart preserver
             ... on level 2 of the Vaults on Mar 27, 2016.
             The game lasted 05:09:18 (105944 turns).

Ratboiler the Intangible (Spriggan Wanderer)      Turns: 105944, Time: 05:09:19

Health: -3/133     AC:  8    Str: 10    XL:     22   Next: 18%
Magic:  38/38      EV: 48    Int: 22    God:    Gozag
Gold:   2668       SH: 12    Dex: 33    Spells: 3 memorised, 13 levels left

rFire  + . .     SeeInvis +     a - +8 falchion of Fatigue {venom, rPois Str+3}
rCold  + . .     Gourm    +     Y - +2 animal skin {rC+}
rNeg   . . .     Faith    .     B - +1 buckler of Cozoigesm {MP+9 Int+4}
rPois  +         Spirit   .     F - +0 hat {Int+3}
rElec  +         Dismiss  .     X - +2 cloak {MR+}
rCorr  .         Reflect  .     (gloves unavailable)
SustAt .         Harm     .     (boots unavailable)
MR     +++++                    Z - amulet of the City {Gourm *Drain +Blink Dex+8 Stlth+}
Stlth  ++++++++++               x - ring of Higost {*Contam rElec rPois MR+ Slay+5, !R}
                                e - ring of protection from fire

@: gold aura, very quick, almost entirely resistant to hostile enchantments,
uncannily stealthy
A: unfitting armour, see invisible, herbivore 3, speed 3, slow metabolism 2
a: Potion Petition, Call Merchant, Bribe Branch, Renounce Religion, Evoke Blink
}: 2/15 runes: decaying, serpentine


You were on level 2 of the Vaults.
You worshipped Gozag.
Gozag was noncommittal.
You were not hungry.

You visited 7 branches of the dungeon, and saw 39 of its levels.
You also visited: Sewer and Ice Cave.

You collected 21431 gold pieces.
You spent 3501 gold pieces at shops.
You paid 15262 gold pieces to Gozag.

Inventory:

Hand Weapons
 a - the +8 falchion of Fatigue (weapon) {venom, rPois Str+3}
   (You bought it in a shop on level 1 of the Vaults)

   It poisons the flesh of those it strikes.
   It affects your strength (+3).
   It protects you from poison.
 b - a +0 rapier of electrocution
 c - the +0 blowgun of Yredelemnul's Approval {evade, MR+ Int+3}
   (You bought it in a shop on level 2 of the Orcish Mines)

   It affects your evasion (+5 to EV).
   It affects your intelligence (+3).
   It affects your resistance to hostile enchantments.
 l - the +7 scimitar "Dutergh" {slice, Dex+2}
   (You bought it in a shop on level 4 of the Lair of Beasts)

   It inflicts extra damage upon your enemies.
   It affects your dexterity (+2).
Missiles
 d - 2 throwing nets (quivered)
 D - 4 needles of confusion
 J - 110 poisoned needles
 O - 3 curare-tipped needles
Armour
 B - the +1 buckler of Cozoigesm (worn) {MP+9 Int+4}
   (You took it off a deep elf demonologist on level 3 of the Elven Halls)

   It affects your intelligence (+4).
   It affects your magic capacity (+9).
 F - a +0 hat of intelligence (worn)
 K - the +1 shadow dragon armour of Least Resistance {+Inv rPois rC- Stlth++++}
   (You acquired it on level 15 of the Dungeon)

   It makes you vulnerable to cold.
   It protects you from poison.
   It lets you turn invisible.
   It makes you much more stealthy.
 X - a +2 cloak of magic resistance (worn)
 Y - a +2 animal skin of cold resistance (worn)
Rods
 G - a +4 rod of inaccuracy (11/11)
   (You found it on level 8 of the Lair of Beasts)
 H - a +9 rod of ignition (14/14)
   (You took it off a deep elf demonologist on level 3 of the Elven Halls)
Jewellery
 e - a ring of protection from fire (left hand)
 t - an uncursed ring of see invisible
 x - the ring of Higost (right hand) {*Contam rElec rPois MR+ Slay+5, !R}
   (You bought it in a shop on level 6 of the Dungeon)

   [ring of protection from magic]

   It affects your accuracy and damage with ranged weapons and melee attacks
   (+5).
   It insulates you from electricity.
   It protects you from poison.
   It affects your resistance to hostile enchantments.
   It causes magical contamination when unequipped.
 I - an uncursed amulet of guardian spirit
 M - the amulet of Horonauc {Dismiss rC+ Slay+2}
   (You bought it in a shop on level 12 of the Dungeon)

   [amulet of dismissal]

   It may teleport away creatures that harm you.
   It affects your accuracy and damage with ranged weapons and melee attacks
   (+2).
   It protects you from cold.
 P - the ring "Cohivun" {Str+2 Dex+3 Slay+2}
   (You bought it in a shop on level 6 of the Dungeon)

   [ring of strength]

   It affects your strength (+2).
   It affects your dexterity (+3).
   It affects your accuracy and damage with ranged weapons and melee attacks
   (+2).
 Z - the amulet of the City (around neck) {Gourm *Drain +Blink Dex+8 Stlth+}
   (You took it off a deep elf demonologist on level 3 of the Elven Halls)

   [amulet of the gourmand]

   It allows you to eat raw meat even when not hungry.
   It affects your dexterity (+8).
   It lets you blink.
   It causes draining when unequipped.
   It makes you more stealthy.
Wands
 v - a wand of enslavement (1/24)
 L - a wand of disintegration (9/24)
Scrolls
 i - 18 scrolls of remove curse
 m - 8 scrolls of recharging
 n - 8 scrolls of enchant weapon
 r - 6 scrolls of fog
 s - 2 scrolls of silence
 w - a scroll of summoning
 z - 9 scrolls of enchant armour
 R - a scroll of identify
 T - a scroll of fear
 V - 5 scrolls of teleportation
Potions
 g - a potion of haste
 h - 3 potions of curing
 j - 7 potions of lignification
 p - a potion of heal wounds
 q - 6 potions of agility
 y - 3 potions of cancellation
 C - 3 potions of magic
 E - 2 potions of might
 Q - a potion of resistance
 U - 8 potions of brilliance
 W - 2 potions of ambrosia
Books
 k - a book of Death

   Spells                             Type                      Level
   a - Corpse Rot                     Necromancy                   2
   b - Sublimation of Blood           Necromancy                   2
   c - Agony                          Necromancy                   5
   d - Dispel Undead                  Necromancy                   5
   e - Excruciating Wounds            Charms/Necromancy            5
   f - Bolt of Draining               Conjuration/Necromancy       5
 o - a Fen Folio

   Spells                             Type                      Level
   a - Corpse Rot                     Necromancy                   2
   b - Stone Arrow                    Conjuration/Earth            3
   c - Leda's Liquefaction            Hexes/Earth                  4
   d - Summon Forest                  Summoning/Translocation      5
   e - Hydra Form                     Transmutation                6
   f - Summon Hydra                   Summoning                    7
 A - a book of Enchantments

   Spells                             Type                      Level
   a - Cause Fear                     Hexes                        4
   b - Yara's Violent Unravelling     Hexes/Transmutation          5
   c - Silence                        Hexes/Air                    5
   d - Deflect Missiles               Charms/Air                   6
   e - Haste                          Charms                       6
   f - Discord                        Hexes                        8
Miscellaneous
 u - a phial of floods
 N - a fan of gales
Comestibles
 f - 17 bread rations


   Skills:
 - Level 20.1 Fighting
 - Level 10.0 Short Blades
   Level 1.3 Polearms
 - Level 11.3 Armour
 O Level 27 Dodging
 + Level 21.5 Stealth
 - Level 9.0 Shields
 - Level 7.4 Charms
 - Level 9.0 Evocations


You had 13 spell levels left.
You knew the following spells:

 Your Spells              Type           Power        Failure   Level  Hunger
a - Deflect Missiles      Chrm/Air       ###.......   100%        6    #######
b - Apportation           Tloc           #.........   17%         1    ##.....
c - Summon Butterflies    Summ           #.......     17%         1    ##.....


Dungeon Overview and Level Annotations

Branches:
Dungeon (15/15)            Temple (0/1) D:5            Lair (8/8) D:9
  Swamp (4/4) Lair:4        Snake (4/4) Lair:5        Slime (0/6) Lair:6
    Orc (2/2) D:12            Elf (3/3) Orc:2        Vaults (3/5) D:14
  Crypt (0/3) Vaults:3
 Depths: D:15

Altars:
Ashenzari
Gozag
Okawaru
Pakellas
Qazlal
Trog
Vehumet
Yredelemnul
Jiyva

Shops:
D:6 }=   D:7 [   D:11 !   D:12 *   D:13 (:   Orc:2 *?(!   Elf:3 }}?
Lair:1 [*(   Lair:4 (   Snake:1 *?   Snake:2 *   Vaults:1 (   Vaults:3 =

Portals:
Trove: D:15 (give 5 potions of cure mutation)

Annotations:
D:3 Sigmund; syage's ghost, amateur MiFi
D:8 suvakkihuora's ghost, novice MiFi
D:14 exclusion: Roxanne, Roxanne
Lair:2 Nergalle
Lair:6 1 runed door
Snake:2 1 exclusion, Vashnia
Orc:2 George's ghost, journeyman MiFi
Elf:3 exclusion: orange crystal statue, Mara
Vaults:3 Sojobo


Innate Abilities, Weirdness & Mutations

You are tiny and cannot use many weapons and most armour.
You have supernaturally acute eyesight.
You are a herbivore.
You cover ground extremely quickly.
You need consume almost no food.


Message History

You slash the deep troll!
The deep troll is moderately wounded.
You block the kobold's attack. You block the deep troll's attack.
The deep troll completely misses you. The deep troll claws you!
The kobold completely misses you.
You completely miss the deep troll.
The deep troll is moderately wounded.
The deep troll completely misses you. The deep troll barely misses you.
The deep troll claws you! You block the kobold's attack. x2
The kobold closely misses you. The deep troll completely misses you.
The deep troll claws you!
* * * LOW HITPOINT WARNING * * *
You block the deep troll's attack.
You slash the deep troll!
The deep troll is heavily wounded.
The kobold completely misses you. The deep troll bites you!
* * * LOW HITPOINT WARNING * * *
The deep troll claws you!!
You die...
Your body crumbles into a pile of gold.

.#..........##.......#...## ##.
.#..........##...([..##...# ##..
.'...[......##....>..###.## ##...
.'..........##.......# ### ##...#
.#..........##.......# ##...##
.#..........##.......# #...##
.#############.......# ##.##
.#############'###''########'####
......).........@K...............
)..............KTK...............
)................................
.................................
..........................<......
............).............K......
.........................$.KTK...
.############################''##
)# ####### #.....


You could see a deep troll and 3 kobolds.

Vanquished Creatures
  Norris (Vaults:1)
  Nikola (Swamp:2)
  2 deep elf blademasters (Elf:3)
  2 deep elf master archers (Elf:3)
  Gastronok (D:12)
  Frances (D:12)
  Kirke (D:14)
  4 thorn hunters
  9 greater nagas
  2 deep elf sorcerers
  A ghost moth (Swamp:4)
  Aizul (Snake:3)
  Donald (Swamp:4)
  9 vault wardens
  An orc warlord (Orc:1)
  6 deep elf elementalists
  Louise (Elf:3)
  5 stone giants
  The ghost of Pikaro the Warrior, a journeyman OgWn of Xom (Lair:1)
  2 very ugly things
  13 ironheart preservers
  3 salamander stormcallers (Vaults:2)
  8 deep elf annihilators
  9 deep elf demonologists
  6 deep elf death magi
  2 ettins
  Snorg (Lair:7)
  Josephine (D:13)
  12 ogre magi
  14 vault guards
  5 yaktaur captains
  A great orb of eyes (Vaults:2)
  4 ghost crabs
  2 deep elf high priests
  20 naga warriors
  12 anacondas
  21 hydras
  2 catoblepae (Lair:8)
  4 centaur warriors
  3 death knights
  An anaconda (shapeshifter) (Vaults:2)
  12 death yaks
  15 alligators
  Urug (D:12)
  4 deep troll shamans
  A deep troll earth mage (Vaults:2)
  14 naga sharpshooters
  10 shock serpents
  22 deep elf knights
  2 fire crabs
  2 wizards
  2 shadow wraiths
  4 unseen horrors
  6 deep trolls
  6 salamander mystics
  3 spriggan druids
  23 deep elf archers
  8 hill giants
  4 shambling mangroves
  A giant orange brain (Vaults:1)
  A lindwurm (Lair:8)
  11 naga ritualists
  A phantasmal warrior (D:15)
  18 swamp dragons
  A harpy (shapeshifter) (Vaults:3)
  8 orc knights
  8 ironbrand convokers
  4 harpies (Vaults:2)
  A wolf spider zombie (D:13)
  4 wolf spiders
  92 deep elf magi
  4 hornets
  29 ugly things
  22 salamanders
  8 cyclopes
  14 mana vipers
  4 orc sorcerers
  A manticore (D:13)
  A hornet (shapeshifter) (Vaults:2)
  7 griffons
  An octopode (shapeshifter) (Elf:1)
  9 elephants
  2 centaur zombies
  5 guardian serpents
  8 vault sentinels
  48 black mambas
  3 torpor snails
  7 centaur skeletons
  18 naga magi
  A spiny frog (shapeshifter) (Elf:1)
  8 yaktaurs
  A gargoyle (D:15)
  27 spiny frogs
  5 kobold demonologists
  17 komodo dragons
  5 rime drakes
  5 freezing wraiths
  An efreet (D:15)
  A queen bee (shapeshifter) (D:13)
  13 giant leeches
  2 tengu conjurers (D:14)
  7 polar bears
  A merfolk (shapeshifter) (Vaults:1)
  7 trolls
  8 blink frogs
  9 bog bodies
  A harpy skeleton (D:15)
  59 slime creatures
  3 boulder beetles
  20 two-headed ogres
  A snapping turtle (shapeshifter) (Vaults:2)
  A centaur simulacrum (D:13)
  4 redbacks (Vaults:1)
  13 spriggans
  A tarantella (Vaults:1)
  7 air elementals
  7 wraiths
  2 wyverns
  3 water elementals
  A vampire (D:10)
  5 shadows
  6 fire elementals
  53 yaks
  A wyvern (shapeshifter) (D:15)
  A golden eye (shapeshifter) (Vaults:2)
  4 basilisks
  16 hippogriffs
  A human simulacrum (Vaults:1)
  2 hungry ghosts
  61 vampire mosquitoes
  A mottled dragon (Vaults:2)
  25 swamp worms
  5 wargs
  A water moccasin (shapeshifter) (D:14)
  74 nagas
  18 water moccasins
  15 porcupines
  16 swamp drakes
  31 orc warriors
  6 ice beasts
  18 wasps
  A black bear (Lair:4)
  A sky beast (shapeshifter) (Vaults:3)
  5 sky beasts
  A wasp (shapeshifter) (Vaults:1)
  3 necrophages
  50 ogres
  3 phantoms
  An ogre (shapeshifter) (Vaults:2)
  12 wolves
  15 centaurs
  23 crocodiles
  6 big kobolds
  27 giant frogs
  4 earth elementals
  5 scorpions
  6 wights
  3 electric eels
  7 howler monkeys
  8 crimson imps
  2 quasits
  3 giant frog skeletons
  3 giant frog zombies
  14 orc priests
  9 hounds
  Crazy Yiuf (D:2)
  4 jellies
  20 iguanas
  Natasha (thrice) (D:4)
  18 orc wizards
  6 worker ants
  33 sheep
  A killer bee zombie (D:10)
  A hound skeleton (D:8)
  12 gnolls
  A howler monkey skeleton (D:8)
  21 adders
  39 river rats
  6 shadow imps
  12 white imps (Lair:7)
  2 oozes
  3 adder skeletons
  A worm (D:3)
  2 dart slugs
  4 giant geckos
  79 orcs
  8 giant cockroaches
  3 hobgoblins
  9 jackals
  16 kobolds
  5 quokkas
  6 ball pythons
  19 bats
  A giant cockroach zombie (D:5)
  A giant gecko skeleton (D:5)
  12 giant newts
  8 goblins
  A jackal skeleton (D:8)
  A quokka skeleton (D:8)
  15 rats
  4 briar patches (Swamp:4)
1867 creatures vanquished.

Vanquished Creatures (collateral kills)
  2 dancing weapons (Elf:2)
  A swamp dragon (Swamp:4)
  A slime creature (Swamp:4)
4 creatures vanquished.

Vanquished Creatures (others)
  2 deep elf high priests
  28 dancing weapons
  An ironbrand convoker (Vaults:2)
  A centaur zombie (D:14)
  5 polar bears (IceCv)
  A bog body (Swamp:2)
  3 yaks (IceCv)
  A spriggan (Swamp:1)
  4 humans (D:14)
  An ogre (Vaults:1)
  A centaur (D:12)
  An orc (D:12)
  18 fungi
  31 plants
  5 withered plants (D:15)
103 creatures vanquished.

Grand Total: 1974 creatures vanquished

Notes
Turn   | Place    | Note
--------------------------------------------------------------
     0 | D:1      | Ratboiler the Spriggan Wanderer began the quest for the Orb.
     0 | D:1      | Ratboiler set off with: a +2 spear, a +0 falchion, a scroll of teleportation, a +0 robe, a +0 dagger, a bread ration
     0 | D:1      | Reached XP level 1. HP: 11/11 MP: 2/2
   242 | D:1      | Reached XP level 2. HP: 7/16 MP: 3/3
   551 | D:1      | Reached skill level 5 in Stealth
   929 | D:2      | Reached XP level 3. HP: 19/19 MP: 4/4
   962 | D:2      | Found an opulent altar of Gozag.
   966 | D:2      | Became a worshipper of Gozag Ym Sagoz the Greedy
   977 | D:2      | Found a basalt altar of Yredelemnul.
  1040 | D:2      | Found a faded altar to an unknown god.
  1431 | D:2      | Reached XP level 4. HP: 23/23 MP: 5/5
  1691 | D:2      | Noticed Crazy Yiuf
  1831 | D:2      | Killed Crazy Yiuf
  2402 | D:2      | Reached XP level 5. HP: 11/27 MP: 6/6
  2706 | D:3      | Noticed syage's ghost (amateur MiFi)
  3371 | D:3      | Noticed Sigmund
  3395 | D:4      | Found a bloodstained altar of Trog.
  3683 | D:4      | Noticed an ogre
  3688 | D:4      | Killed an ogre
  3688 | D:4      | Reached skill level 5 in Short Blades
  3688 | D:4      | Reached XP level 6. HP: 32/32 MP: 7/7
  3731 | D:4      | Found a stormy altar of Qazlal.
  3781 | D:4      | Found an opulent altar of Gozag.
  3836 | D:4      | Noticed Natasha
  3845 | D:4      | Killed Natasha
  3976 | D:4      | Noticed Natasha
  4007 | D:4      | Killed Natasha
  4279 | D:4      | Noticed Natasha
  4288 | D:4      | Killed Natasha
  4302 | D:5      | Entered Level 5 of the Dungeon
  4542 | D:5      | Noticed an ice beast
  4549 | D:5      | Killed an ice beast
  4549 | D:5      | Reached XP level 7. HP: 35/35 MP: 8/8
  4830 | D:5      | Reached skill level 10 in Stealth
  5002 | D:5      | Found a staircase to the Ecumenical Temple.
  5186 | D:5      | Found a shattered altar of Ashenzari.
  6023 | D:6      | Reached XP level 8. HP: 39/39 MP: 9/9
  6250 | D:6      | Found an oddly glowing altar of Pakellas.
  6250 | D:6      | Found Pakellas's Prime Provisions.
  6539 | D:6      | Found a glowing drain.
  6544 | Sewer    | Entered a sewer
  7377 | D:7      | Found Tabigh's Armour Shop.
  7380 | D:7      | Bought a +0 buckler for 49 gold pieces
  8127 | D:6      | Reached skill level 2 in Dodging
  8127 | D:6      | Reached XP level 9. HP: 15/43 MP: 10/10
  8563 | D:7      | Reached skill level 3 in Dodging
  8682 | D:7      | Reached skill level 4 in Dodging
  8992 | D:8      | Found a radiant altar of Vehumet.
  9126 | D:6      | Bought the ring of Higost {*Contam rElec rPois MR+ Slay+5} for 703 gold pieces
  9220 | D:8      | Reached skill level 10 in Short Blades
  9220 | D:8      | Reached skill level 5 in Dodging
  9393 | D:8      | Reached skill level 6 in Dodging
  9514 | D:8      | Noticed suvakkihuora's ghost (novice MiFi)
  9679 | D:9      | Noticed a troll
  9682 | D:9      | Killed a troll
  9682 | D:9      | Reached skill level 7 in Dodging
  9722 | D:9      | Reached skill level 8 in Dodging
 10279 | D:9      | Found a staircase to the Lair.
 10282 | D:9      | Reached XP level 10. HP: 51/51 MP: 11/11
 10357 | D:6      | Bought the ring "Cohivun" {Str+2 Dex+3 Slay+2} for 350 gold pieces
 10429 | Lair:1   | Entered Level 1 of the Lair of Beasts
 10447 | Lair:1   | Noticed a six-headed hydra
 10529 | Lair:1   | Reached skill level 9 in Dodging
 10564 | Lair:1   | Reached skill level 5 in Fighting
 10665 | Lair:1   | Reached skill level 10 in Dodging
 10835 | Lair:1   | Noticed Pikaro's ghost (journeyman OgWn)
 10972 | Lair:2   | Noticed a spiny frog
 10979 | Lair:2   | Killed a spiny frog
 10979 | Lair:2   | Reached skill level 11 in Dodging
 10983 | Lair:2   | Noticed Nergalle
 11236 | Lair:2   | Noticed a spiny frog
 11237 | Lair:2   | Noticed a spiny frog
 11325 | Lair:1   | Noticed a spiny frog
 11341 | Lair:1   | Killed a spiny frog
 11341 | Lair:1   | Reached skill level 12 in Dodging
 11430 | Lair:3   | Noticed a spiny frog
 11484 | Lair:2   | Noticed a spectral orc warlord
 11513 | Lair:2   | Noticed a four-headed hydra
 11816 | Lair:2   | Killed a spiny frog
 11816 | Lair:2   | Reached XP level 11. HP: 58/58 MP: 12/12
 12422 | Lair:2   | Reached skill level 13 in Dodging
 13638 | Lair:3   | Reached skill level 14 in Dodging
 14882 | Lair:4   | Reached skill level 15 in Dodging
 14925 | Lair:4   | Reached XP level 12. HP: 45/67 MP: 13/13
 15374 | Lair:4   | Noticed a seven-headed hydra
 15377 | Lair:4   | Noticed a five-headed hydra
 16200 | Lair:4   | Reached skill level 10 in Fighting
 16217 | Lair:4   | Reached skill level 16 in Dodging
 16409 | Lair:4   | Found a staircase to the Swamp.
 16474 | Lair:4   | Bought the +7 scimitar "Dutergh" {slice, Dex+2} for 730 gold pieces
 16509 | Lair:5   | Noticed a four-headed hydra
 16512 | Lair:5   | Killed a four-headed hydra
 16585 | Lair:5   | Found a staircase to the Snake Pit.
 17390 | Lair:6   | Found a runed door.
 17390 | Lair:6   | Found a viscous altar of Jiyva.
 17391 | Lair:6   | Found a staircase to the Slime Pits.
 17429 | Lair:6   | Noticed a six-headed hydra
 17436 | Lair:6   | Killed a six-headed hydra
 17483 | Lair:6   | Noticed a seven-headed hydra
 17639 | Lair:6   | Killed a seven-headed hydra
 17639 | Lair:6   | Reached skill level 17 in Dodging
 18271 | Lair:7   | Found a frozen archway.
 18346 | IceCv    | Entered an ice cave
 18487 | IceCv    | Reached XP level 13. HP: 63/74 MP: 14/14
 18798 | IceCv    | Reached skill level 18 in Dodging
 18994 | IceCv    | Noticed a frost giant
 19192 | IceCv    | Got a jewelled hat
 19321 | IceCv    | Identified the +1 hat of Zin's Pride {*Confuse MP+9 Int+6 Stlth+} (You found it in an ice cave)
 20113 | Lair:8   | Entered Level 8 of the Lair of Beasts
 20455 | Lair:8   | Noticed Snorg
 20576 | Lair:7   | Killed Snorg
 21057 | Lair:8   | Reached skill level 19 in Dodging
 22690 | D:10     | Entered Level 10 of the Dungeon
 22735 | D:10     | Found an iron altar of Okawaru.
 23643 | D:11     | Reached skill level 1 in Evocations
 24366 | D:11     | Reached XP level 14. HP: 66/81 MP: 15/17
 24752 | D:11     | Found Evyucam's Distillery.
 24755 | D:11     | Bought a potion of heal wounds for 55 gold pieces
 24755 | D:11     | Bought a potion of heal wounds for 55 gold pieces
 24755 | D:11     | Bought a potion of heal wounds for 55 gold pieces
 25073 | D:12     | Noticed Urug
 25141 | D:12     | Killed Urug
 25165 | D:12     | Noticed Gastronok
 25173 | D:12     | Killed Gastronok
 25173 | D:12     | Reached skill level 5 in Evocations
 25345 | D:12     | Reached skill level 20 in Dodging
 25550 | D:12     | Noticed Frances
 25589 | D:12     | Killed Frances
 25603 | D:12     | Found a staircase to the Orcish Mines.
 26603 | D:13     | Noticed Josephine
 26670 | D:13     | Killed Josephine
 27018 | D:13     | Bought a runed short sword for 87 gold pieces
 27071 | D:14     | Noticed Roxanne
 27080 | D:14     | Found a gate to the Vaults.
 27683 | D:14     | Noticed Kirke
 27687 | D:14     | Killed Kirke
 28387 | D:14     | Reached skill level 15 in Stealth
 28668 | Orc:1    | Entered Level 1 of the Orcish Mines
 28736 | Orc:1    | Noticed an orc warlord
 28788 | Orc:1    | Reached XP level 15. HP: 77/87 MP: 22/22
 28947 | Orc:1    | Killed an orc warlord
 29159 | Orc:2    | Entered Level 2 of the Orcish Mines
 29379 | Orc:2    | Noticed George's ghost (journeyman MiFi)
 30073 | Orc:2    | Found a staircase to the Elven Halls.
 30380 | Orc:2    | Found Linac's Antique Weapon Emporium.
 30380 | Orc:2    | Found Wexyjidgh's Magic Scroll Boutique.
 30382 | Orc:2    | Found Loun's Assorted Antiques.
 30384 | Orc:2    | Found Noescho's Distillery.
 30389 | Orc:2    | Bought a potion of mutation for 35 gold pieces
 30391 | Orc:2    | Bought an encrusted blowgun for 217 gold pieces
 30392 | Orc:2    | Bought a scroll of identify for 30 gold pieces
 30392 | Orc:2    | Bought a scroll of identify for 30 gold pieces
 30392 | Orc:2    | Bought a scroll of magic mapping for 52 gold pieces
 30621 | D:12     | Bought a translucent garnet amulet for 165 gold pieces
 30621 | D:12     | Bought a scroll of identify for 66 gold pieces
 30621 | D:12     | Bought 2 glowing green potions for 59 gold pieces
 30626 | D:12     | Identified the amulet of Horonauc {Dismiss rC+ Slay+2} (You bought it in a shop on level 12 of the Dungeon)
 30627 | D:12     | Identified the cursed +0 blowgun of Yredelemnul's Approval {evade, MR+ Int+3} (You bought it in a shop on level 2 of the Orcish Mines)
 31038 | Swamp:1  | Entered Level 1 of the Swamp
 31039 | Swamp:1  | Upgraded the game from 0.18-a0-1637-g109f206 to 0.18-a0-1639-g7533f42
 33124 | Swamp:3  | Learned a level 6 spell: Deflect Missiles
 33293 | Swamp:3  | Reached skill level 1 in Charms
 33318 | Swamp:3  | Noticed a thorn hunter
 33327 | Swamp:3  | Killed a thorn hunter
 34178 | Swamp:2  | Reached skill level 5 in Charms
 36270 | Swamp:2  | Noticed Nikola
 36700 | Swamp:3  | HP: 2/88 [something (9)]
 37653 | Swamp:4  | Entered Level 4 of the Swamp
 37807 | Swamp:3  | Reached XP level 16. HP: 89/93 MP: 23/23
 38309 | Lair:4   | Reached skill level 15 in Fighting
 40339 | Lair:8   | Got a serpentine sapphire amulet
 40340 | Lair:8   | Identified a +4 rod of inaccuracy (11/11) (You found it on level 8 of the Lair of Beasts)
 41305 | D:13     | Reached skill level 21 in Dodging
 41362 | D:15     | Entered Level 15 of the Dungeon
 41568 | D:15     | Found a portal to a secret trove of treasure.
 42114 | D:15     | Identified a scroll of acquirement
 42116 | D:15     | Got a polished shadow dragon armour
 42127 | D:15     | Identified the +1 shadow dragon armour of Least Resistance {+Inv rPois rC- Stlth++++} (You acquired it on level 15 of the Dungeon)
 43102 | Elf:1    | Entered Level 1 of the Elven Halls
 45855 | Elf:1    | Reached skill level 22 in Dodging
 46098 | Elf:1    | Reached XP level 17. HP: 90/100 MP: 24/24
 46328 | Elf:2    | Identified the amulet of Dithmenos's Hope {Inacc MR+} (You found it on level 8 of the Lair of Beasts)
 46470 | Elf:3    | Entered Level 3 of the Elven Halls
 48131 | Snake:1  | Entered Level 1 of the Snake Pit
 52407 | Snake:2  | Bought a scroll of identify for 80 gold pieces
 52407 | Snake:2  | Bought a thin beryl amulet for 200 gold pieces
 53207 | Snake:1  | Reached skill level 23 in Dodging
 54005 | Snake:2  | Noticed Vashnia
 54485 | Snake:3  | Noticed Aizul
 54507 | Snake:3  | Killed Aizul
 58049 | Swamp:2  | Reached XP level 18. HP: 94/107 MP: 25/25
 58468 | Swamp:2  | Killed Nikola
 60768 | Swamp:4  | Noticed Donald
 60772 | Swamp:4  | Killed Donald
 60772 | Swamp:4  | Reached skill level 24 in Dodging
 64553 | Swamp:4  | HP: 5/108 [thorn hunter/volley of thorns (40)]
 64948 | Swamp:4  | Got a decaying rune of Zot
 65535 | Snake:1  | Bought a scroll of blinking for 135 gold pieces
 65535 | Snake:1  | Bought a scroll of teleportation for 54 gold pieces
 66735 | Snake:4  | Entered Level 4 of the Snake Pit
 66990 | Snake:4  | Reached skill level 25 in Dodging
 68693 | Snake:4  | Reached XP level 19. HP: 54/114 MP: 26/26
 74344 | Snake:4  | Reached skill level 26 in Dodging
 77664 | Snake:4  | Got a serpentine rune of Zot
 77822 | Lair:1   | Killed Pikaro's ghost
 80346 | Elf:2    | Found a runed gate.
 80346 | Elf:2    | Found a runed gate.
 80347 | Elf:2    | Found a runed gate.
 81488 | Elf:3    | Reached skill level 27 in Dodging
 82026 | Elf:3    | Reached XP level 20. HP: 119/121 MP: 27/27
 82049 | Elf:3    | Found Yshoj's Gadget Boutique.
 82427 | Elf:3    | Noticed Mara
 84523 | Elf:3    | Found Veapnouss's Gadget Shop.
 84525 | Elf:3    | HP: 6/121 [deep elf blademaster/rapier (14)]
 85897 | Elf:3    | Noticed Louise
 87363 | Elf:3    | Got a clouded emerald amulet
 87369 | Elf:3    | Got a translucent buckler
 87375 | Elf:3    | Identified the amulet of the City {Gourm *Drain +Blink Dex+8 Stlth+} (You took it off a deep elf demonologist on level 3 of the Elven Halls)
 87434 | Elf:3    | Identified the +1 buckler of Cozoigesm {MP+9 Int+4} (You took it off a deep elf demonologist on level 3 of the Elven Halls)
 88057 | Elf:3    | Got an ancient brass ring
 88061 | Elf:3    | Identified the ring of Tulips {rC+ Int+6 Dex-5} (You took it off a deep elf demonologist on level 3 of the Elven Halls)
 89026 | Elf:3    | Reached skill level 1 in Armour
 89446 | Elf:3    | Killed Louise
 89663 | Elf:3    | Learned a level 1 spell: Apportation
 89665 | Elf:3    | Learned a level 1 spell: Summon Butterflies
 89873 | Elf:3    | Found Ruddaheo's Magic Scroll Shoppe.
 89881 | Elf:3    | Bought a scroll of teleportation for 54 gold pieces
 90289 | Vaults:1 | Entered Level 1 of the Vaults
 90368 | Vaults:1 | Identified a +9 rod of ignition (14/14) (You took it off a deep elf demonologist on level 3 of the Elven Halls)
 90452 | Vaults:1 | Noticed Norris
 91006 | Vaults:1 | Killed Norris
 91006 | Vaults:1 | Reached skill level 5 in Armour
 91491 | Vaults:1 | Noticed a Tzitzimitl
 93162 | Vaults:1 | Reached XP level 21. HP: 128/128 MP: 28/28
 94565 | Vaults:1 | Reached skill level 10 in Armour
 96967 | Vaults:1 | Reached skill level 1 in Shields
 97140 | Vaults:1 | Bought an ebony falchion for 240 gold pieces
 97140 | Vaults:1 | Identified the +8 falchion of Fatigue {venom, rPois Str+3} (You bought it in a shop on level 1 of the Vaults)
 98894 | Vaults:2 | Reached skill level 5 in Shields
100902 | Vaults:1 | HP: 4/128 [fire crab] (10)]
104218 | Vaults:3 | Reached XP level 22. HP: 98/133 MP: 29/29
104683 | Vaults:3 | Found a staircase to the Crypt.
105652 | Vaults:3 | Found Kaclogi's Jewellery Emporium.
105701 | Vaults:3 | Noticed Sojobo
105944 | Vaults:2 | Slain by a deep troll

Vault maps used:
D:1:      minmay_arrival_hallway, serial_glass, glass_columns_a, glass_columns_a
D:2:      overflow_temple_1_default, lemuel_doored_altar, ecumenical_altar_2,
          uniq_crazy_yiuf_cottage
D:3:      kennysheep_nondescript, uniq_sigmund
D:4:      bloody_trog, kennysheep_little_box, st_stairs_6, grunt_decor_cap,
          nicolae_gozag_seed_capital, uniq_natasha
D:5:      minmay_temple_entry_water_ring, basic_altar, first_bread
D:6:      johnstein_pakellas_shop, portal_sewer_entry_e
D:7:      serial_shops, nicolae_shop_behind_doors
D:8:      fiery_altar_vehumet, gammafunk_temple_overflow_wave
D:9:      grunt_lair_entry_orc_guard_hut
D:10:     the_bakery, statue_in_the_mist_lemuel, okawaru_metal_pillars_1_2
D:11:     serial_shops, nicolae_shop_behind_doors, bh_chokoban
D:12:     erik_orc_1, uniq_gastronok, uniq_frances, uniq_urug
D:13:     uniq_josephine
D:14:     erik_vaults_2, uniq_roxanne, uniq_kirke
D:15:     gammafunk_depths_entry_grave, nicolae_trove_entry_diagonal,
          minmay_tree_intersection
Lair:1:   serial_bayou_shore_b
Lair:2:   beast_lair_carwin_large_1, uniq_nergalle
Lair:3:   beast_lair_carwin_9, serial_bayou_shore_a
Lair:4:   minmay_swamp_entry_worms
Lair:5:   dummy_snake_entry, serial_bayou_shore_b
Lair:6:   slime_altar_2
Lair:7:   portal_ice_cave_entry_imps
Lair:8:   evilmike_catoblepas_cave, eino_small_chamber_without_monster,
          uniq_snorg
Swamp:1:  evilmike_swamp_ruin_rubble_2
Swamp:2:  cheibrodos_swamp_heart_of_darkness, nicolae_swamp_dense_foliage,
          uniq_nikola
Swamp:3:  evilmike_swamp_ruin_house_1
Swamp:4:  swamp, uniq_donald
Snake:2:  uniq_vashnia
Snake:3:  uniq_aizul
Snake:4:  johnstein_snake_rune_scales
Orc:2:    st_orc_rangers, uniq_rupert
Elf:1:    eino_elf_arrival_customs, kennysheep_underground_church
Elf:3:    grunt_elf_hall_branching, serial_shops, nicolae_shop_waterfront, shop,
          shop, serial_glass, glass_columns_a, glass_columns_a, minivault_16,
          serial_sigils_hangedman_writhe, uniq_mara, uniq_louise
Vaults:1: vaults_room_grunt_arrival_ludios, v_pattern_4, v_misc_15, v_misc_3,
          v_misc_27, dpeg_vaults_monster_box, v_misc_27, v_misc_23, uniq_norris
Vaults:2: hangedman_vaults_stretched_pinwheel, vaults_dpeg_cross,
          ontoclasm_vaults_chip, hangedman_vaults_river_flow, v_misc_13,
          hangedman_vaults_nodes, nicolae_vaults_know_your_exits,
          ontoclasm_vaults_ring_square, hangedman_vaults_capsules,
          vaults_dpeg_diagonal, vaults_mumra_minichess_inversion,
          nicolae_vaults_shelves_hall
Vaults:3: hangedman_vaults_slice, grunt_vaults_swirl, vaults_room_door_hall,
          blue_anna_dwarven_crypt, nicolae_vaults_triangles, v_misc_17,
          grunt_vaults_hallway_short, nicolae_vaults_stairing_the_circle,
          grunt_vaults_focal, v_misc_27, kb_rosetta,
          ontoclasm_vaults_ring_large, nicolae_vaults_little_squares_6,
          serial_shops, shop, uniq_sojobo
Sewer:    sewer_frog_island_01
IceCv:    ice_cave_caverns_03

Skill      XL: |  1  2  3  4  5  6  7  8  9 10 11 12 13 14 15 16 17 18 19 20 21 22 |
---------------+-------------------------------------------------------------------+-----
Short Blades   | 2 3 5 6 7 9 10 | 10.0
Stealth        | 5 6 8 9 11 13 15 17 19 20 21 | 21.5
Dodging        | 2 8 12 15 17 19 20 22 23 25 27 | 27.0
Fighting       | 4 7 9 11 12 13 14 15 16 17 19 20 | 20.1
Evocations     | 2 8 9 |  9.0
Charms         | 7 |  7.4
Armour         | 8 11 | 11.3
Shields        | 8 9 |  9.0
Polearms       | |  1.3

Action                   |  1- 3 |  4- 6 |  7- 9 | 10-12 | 13-15 | 16-18 | 19-21 | 22-24 || total
-------------------------+-------+-------+-------+-------+-------+-------+-------+-------++-------
Melee: Spear             |    86 |   141 |   241 |       |       |       |       |       ||   468
       Dagger            |       |    52 |   483 |   878 |    77 |   133 |       |       ||  1623
       Scimitar          |       |       |       |    86 |  1602 |  1877 |  1846 |       ||  5411
       Rapier            |       |       |       |       |       |   121 |    60 |       ||   181
       Falchion          |       |       |       |       |       |       |   856 |   287 ||  1143
 Fire: Blowgun           |       |       |       |       |       |     9 |    33 |       ||    42
Invok: Call Merchant     |       |       |     1 |     1 |     4 |     3 |     2 |       ||    11
       Potion Petition   |       |       |       |       |       |       |     4 |     1 ||     5
Evoke: Wand              |       |       |       |     1 |    39 |    32 |     7 |       ||    79
       Rod               |       |       |       |       |       |     2 |       |       ||     2
  Use: Scroll            |       |     5 |    11 |     9 |    15 |     9 |    11 |     1 ||    61
       Potion            |       |       |       |     1 |     4 |     5 |    14 |     1 ||    25
 Stab: Sleeping          |    11 |    19 |    25 |    53 |    53 |    55 |    47 |       ||   263
       Distracted        |     1 |     2 |     7 |    13 |    37 |    48 |    91 |     7 ||   206
       Paralysed         |       |       |       |       |     2 |       |       |       ||     2
       Invisible         |       |       |       |       |     1 |       |       |       ||     1
       Confused          |       |       |       |       |     6 |     4 |       |       ||    10
  Eat: Bread ration      |       |     1 |       |       |       |     5 |     7 |       ||    13
       Pizza             |       |       |     1 |     1 |     7 |     1 |     2 |       ||    12
       Fruit             |       |       |       |     9 |    10 |     6 |       |       ||    25
       Royal jelly       |       |       |       |       |       |       |     1 |       ||     1
